 Dungeon Crawl Stone Soup version 0.28-a0-1510-gd0f6b136d3 (webtiles) character file.

Game seed: 12378507952639087027

15936 oldriver the Nimble (level 12, -3/94 HPs)
             Began as a Gnoll Gladiator on Jan 14, 2022.
             Was an Initiate of Gozag.
             Slain by a six-headed hydra (14 damage)
             ... on level 1 of the Lair of Beasts.
             The game lasted 00:43:08 (18281 turns).

oldriver the Nimble (Gnoll Gladiator)              Turns: 18281, Time: 00:43:17

Health: -3/94      AC: 15    Str: 18    XL:     12   Next: 32%
Magic:  22/22      EV: 17    Int:  9    God:    Gozag
Gold:   1262       SH: 11    Dex: 19    Spells: 14/25 levels left

rFire   + . .      SeeInvis .   b - +4 scimitar (vorpal)
rCold   . . .      Faith    .   B - +0 kite shield
rNeg    . . .      Spirit   .   C - +5 steam dragon scales "Catuelu" {rF+ Stlth+}
rPois   .          Reflect  .   h - +0 helmet
rElec   .          Harm     .   K - scarf {repulsion}
rCorr   .          Rampage  .   A - +0 pair of gloves
Will    .....                   s - +0 pair of boots
Stlth   +++++.....              p - amulet of regeneration
HPRegen 1.05/turn               x - ring of flight
MPRegen 0.18/turn               L - +6 ring of dexterity

@: about to teleport, flying, repel missiles
A: fangs 1, strong nose, distributed training
a: Renounce Religion, Potion Petition, Call Merchant, Bribe Branch


You were on level 1 of the Lair of Beasts.
You worshipped Gozag.
Gozag was most pleased with you.
You visited 3 branches of the dungeon, and saw 13 of its levels.
You also visited: Sewer.

You collected 1511 gold pieces.
You paid 249 gold pieces to Gozag.

Inventory:

Hand Weapons
 b - a +4 vorpal scimitar (weapon)
 q - a +2 dagger of venom
 w - a +0 hand axe of electrocution
 H - a +1 spear of flaming
Missiles
 r - 290 stones
 F - 34 poisoned darts
 N - 3 datura-tipped darts
Armour
 a - a +1 troll leather armour
 h - a +0 helmet (worn)
 s - a +0 pair of boots (worn)
 A - a +0 pair of gloves (worn)
 B - a +0 kite shield (worn)
 C - the +5 steam dragon scales "Catuelu" (worn) {rF+ Stlth+}
   (You took it off a kobold on level 6 of the Dungeon)

   rF:        It protects you from fire.
   Stlth:     It makes you more stealthy.
 K - a scarf of repulsion (worn)
Jewellery
 p - an amulet of regeneration (around neck)
 x - a ring of flight (left hand)
 J - an amulet of magic regeneration
 L - a +6 ring of dexterity (right hand)
Wands
 m - a wand of acid (8)
 O - a wand of flame (11)
 Q - a wand of polymorph (4)
Scrolls
 e - a scroll of enchant weapon
 f - a scroll of teleportation
 g - 2 scrolls of amnesia
 k - 4 scrolls of blinking
 o - 6 scrolls of immolation
 D - 5 scrolls of identify
 G - 3 scrolls of brand weapon
 I - a scroll of enchant armour
 M - a scroll of fear {unknown}
 R - a scroll of magic mapping {unknown}
Potions
 i - 2 potions of heal wounds
 j - 4 potions of magic
 l - 2 potions of might
 n - 2 potions of cancellation {unknown}
 t - a potion of invisibility {unknown}
 u - 2 potions of degeneration {unknown}
 v - a potion of brilliance {unknown}
 z - a potion of mutation {unknown}
 E - a potion of ambrosia {unknown}
 P - a potion of flight {unknown}
Miscellaneous
 c - a box of beasts (inert)


   Skills:
 + Level 8.6 Fighting
 + Level 7.2 Short Blades
 + Level 9.8 Long Blades
 + Level 7.2 Axes
 + Level 7.2 Maces & Flails
 + Level 7.2 Polearms
 + Level 7.2 Staves
 + Level 7.2 Slings
 + Level 7.2 Bows
 + Level 7.2 Crossbows
 + Level 8.6 Throwing
 + Level 7.2 Armour
 + Level 9.8 Dodging
 + Level 7.2 Stealth
 + Level 7.2 Shields
 + Level 7.2 Unarmed Combat
 + Level 7.2 Spellcasting
 + Level 5.9 Conjurations
 + Level 5.9 Hexes
 + Level 5.9 Summonings
 + Level 5.9 Necromancy
 + Level 5.9 Translocations
 + Level 5.9 Transmutations
 + Level 5.9 Fire Magic
 + Level 5.9 Ice Magic
 + Level 5.9 Air Magic
 + Level 5.9 Earth Magic
 + Level 5.9 Poison Magic
 + Level 7.9 Invocations
 + Level 7.2 Evocations


You had 14 spell levels left.
You knew the following spells:

 Your Spells              Type           Power      Damage    Failure   Level
a - Shock                 Conj/Air       56%        1d6       4%          1
b - Ensorcelled Hibernat  Hex/Ice        28%        N/A       6%          2
c - Swiftness             Air            14%        N/A       13%         3
d - Frozen Ramparts       Ice            28%        1d4       13%         3
e - Static Discharge      Conj/Air       14%        N/A       6%          2

Your spell library contained the following spells:

 Spells                   Type           Power      Damage    Failure   Level
 Freeze                   Ice            56%        1d7       4%          1
 Ozocubu's Armour         Ice            14%        N/A       13%         3
 Airstrike                Air            7%         N/A       38%         4
 Dispel Undead            Necr           14%        3d10      38%         4
 Hailstorm                Conj/Ice       14%        3d5       38%         4
 Passage of Golubria      Tloc           14%        N/A       38%         4
 Sticky Flame             Conj/Fire      14%        2d4       38%         4
 Summon Lightning Spire   Summ/Air       14%        N/A       38%         4
 Lightning Bolt           Conj/Air       7%         1d19      75%         5
 Metabolic Englaciation   Hex/Ice        7%         N/A       75%         5
 Silence                  Hex/Air        7%         N/A       75%         5
 Lehudib's Crystal Spear  Conj/Erth      7%         10d3      100%        8
 Polar Vortex             Ice            7%         N/A       100%        9


Dungeon Overview and Level Annotations

Branches:
Dungeon (11/15)            Temple (1/1) D:5            Lair (1/6) D:11
  Sewer (visited)
    Orc: D:9-12

Altars:
Ashenzari
Cheibriados
Dithmenos
Elyvilon
Fedhas
Gozag
Hepliaklqana
Kikubaaqudgha
Makhleb
Nemelex Xobeh
Okawaru
Qazlal
Ru
Sif Muna
Trog
Uskayaw
Vehumet
Wu Jian
Xom
Yredelemnul
Zin
The Shining One
Lugonu

Annotations:
D:10 1 runed translucent door, knot's ghost, journeyman DsBe
D:11 1 runed translucent door


Innate Abilities, Weirdness & Mutations

You have very sharp teeth.
Your uncanny sense of smell can sniff out nearby items.
Your experience applies equally to all skills.


Message History

Press: ? - help, Shift-Dir - straight line, f/p - six-headed hydra
Aim: a six-headed hydra (83% to hit, chance to frenzy on hit: 23%)
You throw a datura-tipped dart.
The datura-tipped dart hits the six-headed hydra.
The six-headed hydra flies into a frenzy!
The six-headed hydra bites you. x2; The six-headed hydra bites you!
You block the six-headed hydra's attack.
The six-headed hydra bites you!
The six-headed hydra bites you but does no damage. x2
The six-headed hydra bites you! The six-headed hydra misses you.
The six-headed hydra barely misses you. x2
The six-headed hydra closely misses you.
The six-headed hydra roars!
The six-headed hydra roars!
The six-headed hydra bites you.
You block the six-headed hydra's attack.
The six-headed hydra bites you.
You block the six-headed hydra's attack.
The six-headed hydra misses you. The six-headed hydra bites you.
The six-headed hydra roars!
You block the six-headed hydra's attack.
The six-headed hydra completely misses you.
You block the six-headed hydra's attack.
The six-headed hydra bites you! The six-headed hydra barely misses you.
You block the six-headed hydra's attack.
The six-headed hydra misses you. The six-headed hydra bites you!
* * * LOW HITPOINT WARNING * * *
You block the six-headed hydra's attack. x2
The six-headed hydra bites you but does no damage.
The six-headed hydra barely misses you.
Okay, then.
As you read the scroll of teleportation, it crumbles to dust.
You feel strangely unstable.
You block the six-headed hydra's attack.
The six-headed hydra bites you!
* * * LOW HITPOINT WARNING * * *
You block the six-headed hydra's attack.
The six-headed hydra bites you!
You die...
Your body crumbles into a pile of gold.

.#####.#.#####....###≈≈≈≈≈##.#.##
#.#..[#.#.###..#......≈≈≈≈≈#..#..
###..#.#..#..#.#..###.≈≈≈≈≈#.##..
....#.#...##..#...# ###≈≈≈≈#.##.#
##.#.#..([.#..#...## ##≈≈≈≈≈.##.P
.#.#.#.#..#.#.#....###≈≈≈≈≈≈.##.#
.#.#...##.##..........88≈≈≈≈≈88..
.'...#.##...#....##..............
.#.#.#.##..##.#.@.#..............
.#(#.#..###.#...D###..88≈≈≈≈≈88..
##(....#..#####...####.##≈≈≈≈....
.(...............### #.##≈≈≈≈≈###
(...###.##.#.......###..#≈≈≈≈≈#
.....####P.#.......##...##≈≈≈≈##
...(.......#.......###.###≈≈≈≈≈#
.........((........##P.# #≈≈≈≈≈#
#...##....>.........##.# ##≈≈≈≈##


You could see a neutral six-headed hydra (fast, strong, insane).

Vanquished Creatures
  A two-headed ogre (D:10)
  A manticore (D:10)
  An elephant (Lair:1)
  The ghost of Maimakterion the Magician, a novice DEFE of Sif Muna (D:6)
  An unseen horror (D:11)
  A komodo dragon (D:11)
  3 cane toads
  A kobold demonologist (D:9)
  4 trolls
  A polar bear (Lair:1)
  5 blink frogs (Lair:1)
  Sigmund (D:5)
  A wyvern (D:5)
  A wraith (D:10)
  11 yaks
  Grum (D:10)
  A basilisk (Lair:1)
  A steam dragon (D:7)
  An acid dragon (D:11)
  6 water moccasins
  An ice beast (D:8)
  A sky beast (D:8)
  2 orc warriors
  2 black bears
  A necrophage (D:7)
  8 wolves
  A centaur (D:10)
  3 ogres
  3 phantoms
  2 gnoll sergeants (D:10)
  7 kobold brigands
  7 bullfrogs
  3 scorpions
  17 killer bees
  2 water moccasin skeletons
  4 wights
  7 howler monkeys
  6 centaur zombies
  A bullfrog zombie (D:6)
  4 quasits (D:6)
  A gnoll shaman (D:3)
  4 hounds
  5 jellies
  A centaur skeleton (D:6)
  4 orc priests
  A bullfrog skeleton (D:4)
  An iguana (D:6)
  16 orc wizards
  A hound zombie (D:5)
  A howler monkey zombie (D:6)
  16 gnolls
  A river rat (Sewer)
  3 adders
  2 white imps
  An adder zombie (D:5)
  2 worms
  3 dart slugs
  32 orcs
  9 bats
  14 endoplasms
  7 giant cockroaches
  8 hobgoblins
  4 jackals (D:2)
  33 kobolds
  3 quokkas
  6 ball pythons
  4 frilled lizards
  9 goblins
  12 rats
330 creatures vanquished.

Vanquished Creatures (collateral kills)
  A hydra (Lair:1)
  A cane toad (Lair:1)
  A blink frog (Lair:1)
3 creatures vanquished.

Vanquished Creatures (others)
  A water moccasin (Lair:1)
  A jelly (D:7)
  A bush (Lair:1)
  35 fungi
  51 plants
89 creatures vanquished.

Grand Total: 422 creatures vanquished

Notes
Turn   | Place    | Note
-------+----------+-------------------------------------------
     0 | D:1      | oldriver the Gnoll Gladiator began the quest for the Orb.
     0 | D:1      | Reached XP level 1. HP: 20/20 MP: 1/1
   246 | D:1      | Reached XP level 2. HP: 25/26 MP: 2/2
   277 | D:1      | Found a faded altar of an unknown god.
   759 | D:2      | Reached XP level 3. HP: 27/31 MP: 3/3
   931 | D:2      | Reached skill level 1 in Invocations
  1210 | D:2      | Reached skill level 1 in Short Blades
  1210 | D:2      | Reached skill level 1 in Axes
  1210 | D:2      | Reached skill level 1 in Maces & Flails
  1210 | D:2      | Reached skill level 1 in Polearms
  1210 | D:2      | Reached skill level 1 in Staves
  1210 | D:2      | Reached skill level 1 in Slings
  1210 | D:2      | Reached skill level 1 in Bows
  1210 | D:2      | Reached skill level 1 in Crossbows
  1210 | D:2      | Reached skill level 1 in Armour
  1210 | D:2      | Reached skill level 1 in Stealth
  1210 | D:2      | Reached skill level 1 in Shields
  1210 | D:2      | Reached skill level 1 in Unarmed Combat
  1210 | D:2      | Reached skill level 1 in Spellcasting
  1210 | D:2      | Reached skill level 1 in Evocations
  1346 | D:1      | Reached XP level 4. HP: 20/38 MP: 5/5
  1856 | D:2      | Reached skill level 1 in Conjurations
  1856 | D:2      | Reached skill level 1 in Hexes
  1856 | D:2      | Reached skill level 1 in Summonings
  1856 | D:2      | Reached skill level 1 in Necromancy
  1856 | D:2      | Reached skill level 1 in Translocations
  1856 | D:2      | Reached skill level 1 in Transmutations
  1856 | D:2      | Reached skill level 1 in Fire Magic
  1856 | D:2      | Reached skill level 1 in Ice Magic
  1856 | D:2      | Reached skill level 1 in Air Magic
  1856 | D:2      | Reached skill level 1 in Earth Magic
  1856 | D:2      | Reached skill level 1 in Poison Magic
  2035 | D:3      | Found a burning altar of Makhleb.
  2126 | D:3      | Reached XP level 5. HP: 17/43 MP: 6/6
  2280 | D:3      | Found a glowing drain.
  2310 | Sewer    | Entered a sewer
  3392 | Sewer    | HP: 1/43 [frozen (5)]
  4079 | Sewer    | Found a viscous altar of Jiyva.
  4090 | Sewer    | Reached XP level 6. HP: 20/50 MP: 8/8
  4391 | D:3      | Found a radiant altar of Vehumet.
  4423 | D:3      | Reached skill level 5 in Fighting
  4423 | D:3      | Reached skill level 5 in Throwing
  4790 | D:3      | Found a basalt altar of Yredelemnul.
  5789 | D:4      | Reached XP level 7. HP: 43/56 MP: 10/10
  5936 | D:4      | You are sucked into a shaft and drop 1 floor!
  5936 | D:5      | Entered Level 5 of the Dungeon
  7279 | D:4      | Got the Disquisition on the Frostbite
  7511 | D:5      | Found a staircase to the Ecumenical Temple.
  7526 | D:5      | Noticed Sigmund
  7544 | D:5      | Killed Sigmund
  7649 | Temple   | Entered the Ecumenical Temple
  7741 | D:5      | Noticed a wyvern
  8052 | D:6      | Reached XP level 8. HP: 45/63 MP: 12/12
  8376 | D:6      | Noticed Maimakterion's ghost (novice DEFE)
  8639 | D:5      | Found a broken altar of Ashenzari.
  8639 | D:5      | Found a glowing silver altar of Zin.
  8639 | D:5      | Found an ornate altar of the Wu Jian Council.
  8640 | D:5      | Found a shimmering altar of Xom.
  8641 | D:5      | Found a bloodstained altar of Trog.
  8643 | D:5      | Found a snail-covered altar of Cheibriados.
  8919 | D:5      | Killed a wyvern
  8920 | D:5      | Reached XP level 9. HP: 49/69 MP: 14/14
  9534 | D:6      | Found a transporter.
  9603 | D:6      | Noticed a troll
  9616 | D:6      | Killed a troll
  9642 | D:6      | Found a transporter.
  9695 | D:6      | Identified the +5 steam dragon scales "Catuelu" {rF+
                  | Stlth+}
 10013 | D:7      | Found a stormy altar of Qazlal.
 10048 | D:7      | Reached skill level 5 in Invocations
 10395 | D:7      | Noticed a kobold demonologist
 10395 | D:7      | Noticed a two-headed ogre
 10487 | D:7      | Found a hide-covered altar of Uskayaw.
 10661 | D:8      | Reached XP level 10. HP: 73/77 MP: 17/17
 10912 | D:8      | Identified the +4 robe of Dogma {Int+2 SInv}
 11567 | D:8      | Reached skill level 5 in Short Blades
 11567 | D:8      | Reached skill level 5 in Axes
 11567 | D:8      | Reached skill level 5 in Maces & Flails
 11567 | D:8      | Reached skill level 5 in Polearms
 11567 | D:8      | Reached skill level 5 in Staves
 11567 | D:8      | Reached skill level 5 in Slings
 11567 | D:8      | Reached skill level 5 in Bows
 11567 | D:8      | Reached skill level 5 in Crossbows
 11567 | D:8      | Reached skill level 5 in Armour
 11567 | D:8      | Reached skill level 5 in Stealth
 11567 | D:8      | Reached skill level 5 in Shields
 11567 | D:8      | Reached skill level 5 in Unarmed Combat
 11567 | D:8      | Reached skill level 5 in Spellcasting
 11567 | D:8      | Reached skill level 5 in Evocations
 12027 | D:9      | Found a shimmering blue altar of Sif Muna.
 12261 | D:9      | Learned a level 1 spell: Shock
 12264 | D:9      | Learned a level 2 spell: Ensorcelled Hibernation
 12403 | D:9      | Noticed a kobold demonologist
 12416 | D:9      | Killed a kobold demonologist
 12724 | D:9      | Found an iron altar of Okawaru.
 12726 | D:9      | Found an opulent altar of Gozag.
 12729 | D:9      | Found a shadowy altar of Dithmenos.
 12737 | D:9      | Became a worshipper of Gozag Ym Sagoz the Greedy
 12763 | D:10     | Entered Level 10 of the Dungeon
 12782 | D:10     | Noticed a two-headed ogre
 12825 | D:10     | Killed a two-headed ogre
 12885 | D:10     | Found a glowing golden altar of the Shining One.
 13054 | D:10     | Reached XP level 11. HP: 84/84 MP: 19/19
 13166 | D:9      | Learned a level 3 spell: Swiftness
 13170 | D:9      | Learned a level 3 spell: Frozen Ramparts
 13291 | D:10     | Noticed Grum
 13338 | D:10     | Killed Grum
 13813 | D:10     | Reached skill level 5 in Conjurations
 13813 | D:10     | Reached skill level 5 in Hexes
 13813 | D:10     | Reached skill level 5 in Summonings
 13813 | D:10     | Reached skill level 5 in Necromancy
 13813 | D:10     | Reached skill level 5 in Translocations
 13813 | D:10     | Reached skill level 5 in Transmutations
 13813 | D:10     | Reached skill level 5 in Fire Magic
 13813 | D:10     | Reached skill level 5 in Ice Magic
 13813 | D:10     | Reached skill level 5 in Air Magic
 13813 | D:10     | Reached skill level 5 in Earth Magic
 13813 | D:10     | Reached skill level 5 in Poison Magic
 13928 | D:10     | Found a runed translucent door.
 13931 | D:10     | Noticed knot's ghost (journeyman DsBe)
 13931 | D:10     | Identified the +1 spear of the Middle {vorpal, *Corrode
                  | rElec rC++ Int+4}
 13935 | D:10     | Noticed a spriggan rider
 14021 | D:10     | Noticed a manticore
 14082 | D:10     | Killed a manticore
 14633 | D:6      | Learned a level 2 spell: Static Discharge
 14665 | D:6      | Killed Maimakterion's ghost
 15104 | D:11     | Found a staircase to the Lair.
 15918 | D:11     | Found a runed translucent door.
 16161 | Lair:1   | Entered Level 1 of the Lair of Beasts
 16925 | Lair:1   | Noticed a seven-headed hydra
 16983 | Lair:1   | Killed a seven-headed hydra
 16984 | Lair:1   | Reached XP level 12. HP: 93/93 MP: 16/22
 18250 | Lair:1   | Noticed a six-headed hydra
 18281 | Lair:1   | Slain by a six-headed hydra

Illustrated notes

Levels and vault maps discovered:
D:1:      saegor_arrival_simple_b, layout_basic, shapermc_ecumenical_altar_gd
D:2:      minmay_wonky_spiral, layout_loops_cross, hangedman_decor_push
D:3:      layout_rooms, nicolae_vehumet_radiance,
          nicolae_overflow_crystal_walls, lemuel_doored_altar, serial_bayou,
          serial_bayou_pond_a, serial_bayou_pond_a, serial_bayou_pond_e,
          serial_bayou_shore_a, cheibrodos_sewer_entry_drain
D:4:      layout_gridville
D:5:      layout_loops_corners, minmay_overflow_temple_hex, temple_fountains,
          uniq_sigmund
D:6:      layout_gridville, gammafunk_ghost_stat_death
D:7:      layout_gridville, nicolae_qazlal_general_emergency,
          nicolae_uskayaw_dance_studio, lightli_corner_chamber
D:8:      layout_basic
D:9:      layout_rooms, minitemple, amcnicky_altar_gilded, hex_large
D:10:     layout_long_grid, lemuel_tele_altar, ebering_ghost_funeral_grove,
          uniq_grum
D:11:     gammafunk_indiana_jones, layout_basic, due_lair_maze_entry_diamond
Temple:   corrupted_temple
Lair:1:   wander_river, layout_loops_ring, minmay_shattered_shrine,
          lemuel_fruit_tree

Skill      XL: |  1  2  3  4  5  6  7  8  9 10 11 12 |
---------------+-------------------------------------+-----
Invocations    | 1 2 3 4 5 6 7 |  7.9
Short Blades   | 1 2 3 4 5 6 7 |  7.2
Axes           | 1 2 3 4 5 6 7 |  7.2
Maces & Flails | 1 2 3 4 5 6 7 |  7.2
Polearms       | 1 2 3 4 5 6 7 |  7.2
Staves         | 1 2 3 4 5 6 7 |  7.2
Slings         | 1 2 3 4 5 6 7 |  7.2
Bows           | 1 2 3 4 5 6 7 |  7.2
Crossbows      | 1 2 3 4 5 6 7 |  7.2
Armour         | 1 2 3 4 5 6 7 |  7.2
Stealth        | 1 2 3 4 5 6 7 |  7.2
Shields        | 1 2 3 4 5 6 7 |  7.2
Unarmed Combat | 1 2 3 4 5 6 7 |  7.2
Spellcasting   | 1 2 3 4 5 6 7 |  7.2
Evocations     | 1 2 3 4 5 6 7 |  7.2
Conjurations   | 1 2 3 4 5 |  5.9
Hexes          | 1 2 3 4 5 |  5.9
Summonings     | 1 2 3 4 5 |  5.9
Necromancy     | 1 2 3 4 5 |  5.9
Translocations | 1 2 3 4 5 |  5.9
Transmutations | 1 2 3 4 5 |  5.9
Fire Magic     | 1 2 3 4 5 |  5.9
Ice Magic      | 1 2 3 4 5 |  5.9
Air Magic      | 1 2 3 4 5 |  5.9
Earth Magic    | 1 2 3 4 5 |  5.9
Poison Magic   | 1 2 3 4 5 |  5.9
Fighting       | 5 6 7 8 |  8.6
Throwing       | 5 6 7 8 |  8.6
Long Blades    | 7 8 9 |  9.8
Dodging        | 7 8 9 |  9.8

Action                   |  1- 3 |  4- 6 |  7- 9 | 10-12 || total
-------------------------+-------+-------+-------+-------++-------
Melee: Long sword        |   102 |    50 |       |       ||   152
       Bite              |     9 |    34 |    45 |   135 ||   223
       Punch             |     2 |     6 |       |       ||     8
       Dagger            |       |   232 |    98 |   638 ||   968
       Scythe            |       |       |   278 |    14 ||   292
       Hand axe          |       |       |       |   139 ||   139
       Scimitar          |       |       |       |    89 ||    89
Throw: Stone             |       |    16 |    69 |     7 ||    92
       Throwing net      |       |     1 |     1 |     7 ||     9
       Dart              |       |       |    24 |    57 ||    81
 Cast: Shock             |       |       |       |   210 ||   210
       Static Discharge  |       |       |       |     9 ||     9
Evoke: Box of beasts     |       |       |       |     1 ||     1
  Use: Potion            |       |     2 |     3 |     3 ||     8
       Scroll            |       |       |    11 |     3 ||    14
 Stab: Sleeping          |     1 |     1 |     4 |     1 ||     7
       Distracted        |       |       |     2 |     2 ||     4
Armor: Leather armour    |    27 |    56 |    55 |       ||   138
       Troll leather arm |       |       |    76 |    13 ||    89
       Ring mail         |       |       |    12 |       ||    12
       Steam dragon scal |       |       |       |   361 ||   361
Dodge: Dodged            |   105 |   167 |   390 |   670 ||  1332
Block: Kite shield       |       |       |       |   502 ||   502

Table legend: (Time is in decaauts)
 A = Elapsed time spent in this place.
 B = Non-inter-level travel time spent in this place.
 C = Inter-level travel time spent in this place.
 D = Time resting spent in this place.
 E = Time spent auto-exploring this place.
 F = Levels seen in this place.
 G = Mean time per level.
                   A        B        C        D        E       F      G
               +--------+--------+--------+--------+--------+-----+--------+
         Total |  18453 |  17064 |   1389 |   3835 |   8109 |  14 | 1318.1 |
       Dungeon |  14497 |  13108 |   1389 |   2003 |   6995 |  11 | 1317.9 |
        Temple |     43 |     43 |      0 |      0 |     23 |   1 |   43.0 |
          Lair |   1844 |   1844 |      0 |    409 |    834 |   1 | 1844.0 |
         Sewer |   2068 |   2068 |      0 |   1423 |    257 |   1 | 2068.0 |
               +--------+--------+--------+--------+--------+-----+--------+

Top non-repeatable levels by time:
   Sewer: 2068 daAuts
  Lair:1: 1844 daAuts
    D:10: 1834 daAuts
     D:3: 1766 daAuts
     D:5: 1609 daAuts
    D:11: 1323 daAuts
     D:2: 1289 daAuts
     D:4: 1219 daAuts
     D:1: 1199 daAuts
     D:6: 1195 daAuts
     D:8: 1179 daAuts
     D:9: 999 daAuts
     D:7: 880 daAuts
  Temple: 43 daAuts
